 Dungeon Crawl Stone Soup version 0.31-a0-705-ga145531891 (webtiles) character file.

Game seed: 4383780603196083669

8978 MackTheKnife the Covert (level 11, 46/46 HPs)
             Began as a Felid Wanderer on Sept 9, 2023.
             Was an Initiate of Gozag.
             Quit the game on level 1 of the Lair of Beasts.
             The game lasted 00:35:37 (12215 turns).

MackTheKnife the Covert (Felid Wanderer)           Turns: 12215, Time: 00:35:38

Health: 46/46      AC:  2    Str: 14    XL:     11   Next: 17%
Magic:  29/29      EV: 21    Int: 17    God:    Gozag
Gold:   502        SH:  0    Dex: 15    Spells: 12/21 levels left
                                        Lives:  1   Deaths: 2

rFire   . .          .
                       - Unarmed
rCold   . . .        (shield unavailable)
rNeg    + . .        (body armour unavailable)
rPois   .            (helmet unavailable)
rElec   .            (cloak unavailable)
rCorr   .            (gloves unavailable)
SInv    +            (boots unavailable)
Will    +....        (no amulet)
Stlth   ++++         j - ring of magical power
HPRegen 0.27/turn    x - ring of the Ageing Hero {rN+ Str+6 Dex-2}
MPRegen 0.21/turn

%: no passive effects
@: quick
A: very small, claws 1, fangs 3, see invisible, speed 1, shaggy fur 2, stealthy
paws, no weapons or thrown items, no armour, multi-lived
a: Renounce Religion, Potion Petition, Call Merchant, Bribe Branch


You were on level 1 of the Lair of Beasts.
You worshipped Gozag.
Gozag was pleased with you.
You visited 4 branches of the dungeon, and saw 14 of its levels.

You collected 1677 gold pieces.
You spent 120 gold pieces at shops.
You paid 1055 gold pieces to Gozag.


Innate Abilities, Weirdness & Mutations

You have sharp claws.
You have razor-sharp teeth.
You have supernaturally acute eyesight. (SInv)
You cover ground quickly. (Speed+)
You are covered in thick fur. (AC +2)
Your paws help you pounce on unaware monsters.
You are incapable of wielding weapons or throwing items.
You cannot wear armour.
You gain extra lives every three experience levels.


   Skills:
 - Level 4.0 Fighting
 - Level 8.4 Dodging
 - Level 10.1 Stealth
 - Level 4.0 Unarmed Combat
 - Level 5.5 Spellcasting
 + Level 6.3 Conjurations
 + Level 7.9 Ice Magic
 + Level 6.2 Air Magic


You had 12 spell levels left.
You knew the following spells:

 Your Spells              Type           Power      Damage    Failure   Level
a - Freeze                Ice            100%       1d10      1%          1
b - Frozen Ramparts       Ice            62%        1d10      1%          3
c - Freezing Cloud        Conj/Ice/Air   13%        6-21      22%         5

Your spell library contained the following spells:

 Spells                   Type           Power      Damage    Failure   Level
 Shock                    Conj/Air       100%       1d9       1%          1
 Static Discharge         Conj/Air       52%        2-5/arc   1%          2
 Ozocubu's Armour         Ice            31%        N/A       1%          3
 Hailstorm                Conj/Ice       28%        3d8       2%          3
 Swiftness                Air            26%        N/A       3%          3
 Momentum Strike          Conj/Tloc      30%        3d8       5%          2
 Poisonous Vapours        Pois/Air       30%        N/A       5%          2
 Mephitic Cloud           Conj/Pois/Air  19%        N/A       7%          3
 Airstrike                Air            13%        2d(2-18)  11%         4
 Necrotise                Necr           16%        1d4       14%         1
 Slow                     Hex            16%        N/A       14%         1
 Blink                    Tloc           8%         N/A       21%         2
 Lesser Beckoning         Tloc           8%         N/A       21%         2
 Summon Lightning Spire   Summ/Air       15%        N/A       36%         4
 Confusing Touch          Hex            4%         N/A       38%         3
 Gell's Gravitas          Tloc           4%         N/A       38%         3
 Sigil of Binding         Hex            4%         N/A       38%         3
 Teleport Other           Tloc           4%         N/A       38%         3
 Vampiric Draining        Necr           4%         2d6       38%         3
 Agony                    Necr           4%         N/A       98%         5
 Dispersal                Tloc           2%         N/A       100%        6

Inventory:

Jewellery
 j - a ring of magical power (left paw)
   (You found it on level 1 of the Dungeon)
 u - the amulet of the Shouting Gods {RegenMP +Inv rElec Int-2 Stlth-}
   (You found it on level 10 of the Dungeon)

   [amulet of magic regeneration]

   RegenMP:   It increases your rate of magic regeneration.
   Int-2:     It affects your intelligence (-2).
   rElec:     It insulates you from electricity.
   +Inv:      It lets you turn invisible.
   Stlth-:    It makes you less stealthy.
 v - a ring of resist corrosion
   (You found it on level 8 of the Dungeon)
 w - the ring of Gesyasti {rElec rN+ Str+5 Int-5 Dex+6}
   (You found it on level 8 of the Dungeon)

   [ring of dexterity]

   Str+5:     It affects your strength (+5).
   Int-5:     It affects your intelligence (-5).
   Dex+6:     It affects your dexterity (+6).
   rElec:     It insulates you from electricity.
   rN+:       It protects you from negative energy.
 x - the ring of the Ageing Hero (right paw) {rN+ Str+6 Dex-2}
   (You found it on level 10 of the Dungeon)

   [ring of positive energy]

   Str+6:     It affects your strength (+6).
   Dex-2:     It affects your dexterity (-2).
   rN+:       It protects you from negative energy.
Wands
 r - a wand of digging (4)
   (You found it on level 5 of the Dungeon)
Scrolls
 c - a scroll of enchant armour {unknown}
 d - a scroll of fog
 f - 2 scrolls of immolation {!r!r}
 i - 3 scrolls of teleportation {@r4}
 k - 2 scrolls of amnesia {unknown}
 l - a scroll of enchant weapon {unknown}
 m - a scroll of summoning {unknown}
 o - 4 scrolls of poison {unknown}
 p - 2 scrolls of revelation
Potions
 a - 2 potions of curing {@q1}
 b - a potion of berserk rage {!q}
 e - 4 potions of might
 g - a potion of mutation {!q}
 n - a potion of heal wounds {@q2}
 q - a potion of lignification {unknown}
 s - a potion of haste {unknown}
 t - a potion of ambrosia {unknown}
Miscellaneous
 h - a lightning rod (3/4)
   (You found it on level 4 of the Dungeon)
 y - a phantom mirror
   (You found it on level 9 of the Dungeon)

Dungeon Overview and Level Annotations

Branches:
Dungeon (11/15) Zot: 25410  Temple (1/1) D:4 Zot: 5978    Lair (1/5) D:11 Zot: 11852
    Orc (1/2) D:9 Zot: 5956

Altars:
Ashenzari
Cheibriados
Dithmenos
Elyvilon
Fedhas
Gozag
Hepliaklqana
Kikubaaqudgha
Makhleb
Nemelex Xobeh
Okawaru
Qazlal
Ru
Sif Muna
Trog
Uskayaw
Vehumet
Wu Jian
Xom
Yredelemnul
Zin
The Shining One

Shops:
D:4 [   D:7 =   D:8 =   D:10 *   D:11 *

Annotations:
D:2 1 exclusion
D:3 2 transporters, DEFE's ghost, weakling DESh; Pargi; Terence
D:5 exclusion: 2 wights, Blork the orc; Menkaure
D:6 exclusion: upstairs, Dowan; Duvessa
D:8 Erica
D:9 exclusions: killer bee and lava snake
D:10 3 runed translucent doors, Urug

..!..##.# .
..$#...#
..#.#....P
#........#####.
...............
...............
........h....#
.......@.....#
##.##.#P###...#
# ### #


You could see a polar bear (asleep).


Message History

You kill the yak!
The yak is engulfed in freezing vapours. x3
Your lightning rod (3/4) has regained one charge.
Your Conjurations skill increases to level 6! 😎 MP[-1]
You lost 1 mp, and now have 20/29 mp.
The yak is engulfed in freezing vapours.
The wall freezes the yak.
The yak is engulfed in freezing vapours.
You kill the yak!
The yak is engulfed in freezing vapours.
You kill the yak!
The yak is engulfed in freezing vapours.
You kill the yak!
Your Air Magic skill increases to level 6!
You freeze the yak.
The yak is engulfed in freezing vapours.
You kill the yak!
You start resting.
The frozen ramparts melt away. 😎 MP[+1]
Casting: Freeze (safe; 1% risk of failure)
Confirm with . or Enter, or press ? or * to list all spells.
Okay, then.
You now have enough gold to petition Gozag for potion effects.
You now have 432 gold pieces (gained 34). 😎 MP[+8]
Your mp is fully restored (29).
You now have 449 gold pieces (gained 17).
You now have 466 gold pieces (gained 17).
You now have 485 gold pieces (gained 19).
You now have 502 gold pieces (gained 17).
There is a staircase back to the Dungeon here.
Key pressed, stopping explore.
Key pressed, stopping explore.
Key pressed, stopping explore.
You open the door.
There is an open door here.
A black mamba comes into view.
You barely miss the black mamba. Your bite misses the black mamba.
The black mamba closely misses you. The black mamba completely misses you.
You freeze the black mamba.
The black mamba bites you! 😕 HP[-7] MP[-1]
You take 7 damage, and now have 39/46 hp.
You lost 1 mp, and now have 28/29 mp.
You freeze the black mamba! The black mamba closely misses you.
The black mamba barely misses you. 😕 MP[-1]
You lost 1 mp, and now have 27/29 mp.
You freeze the black mamba.
The black mamba seems to slow down.
The black mamba is no longer moving slowly.
The black mamba bites you.
You are poisoned.
The black mamba poisons you! 😕 HP[-3] MP[-1]
You take 3 damage, and now have 36/46 hp.
You lost 1 mp, and now have 26/29 mp.
You freeze the black mamba!
You feel very sick. The black mamba misses you. The black mamba bites you!
* * * LOW HITPOINT WARNING * * *
You are lethally poisoned!
The black mamba poisons you! 😨 HP[-18]
You take 18 damage, and now have 18/46 hp.
MASSIVE DAMAGE!! (PAUSE)
You are too injured to fight recklessly!
Casting: Freeze (safe; 1% risk of failure)
Confirm with . or Enter, or press ? or * to list all spells.
Aiming: Freeze (safe; 1% risk of failure)
Press: ? - help, Shift-Dir - straight line, f/p - black mamba
Aim: a black mamba (severely wounded)
You freeze the black mamba!
* * * LOW HITPOINT WARNING * * *
You feel extremely sick. The black mamba bites you!
* * * LOW HITPOINT WARNING * * *
You are more poisoned.
The black mamba poisons you!
The black mamba barely misses you. 😱 HP[-14] MP[-1]
You take 14 damage, and now have 4/46 hp.
MASSIVE DAMAGE!! (PAUSE)
You lost 1 mp, and now have 25/29 mp.
Okay, then.
Casting: Freeze (safe; 1% risk of failure)
Confirm with . or Enter, or press ? or * to list all spells.
Aiming: Freeze (safe; 1% risk of failure)
Press: ? - help, Shift-Dir - straight line, f/p - black mamba
Aim: a black mamba (almost dead)
You freeze the black mamba!
You kill the black mamba!
You die...
You feel extremely sick.
You rejoin the land of the living...
A polar bear comes into view. 😎 HP[+42] MP[+4]
Your hp is fully restored (46).
Your mp is fully restored (29).
Unknown command.
Unknown command.
Are you sure you want to abandon this character and quit the game? (Confirm with "yes".)

Skill      XL: |  1  2  3  4  5  6  7  8  9 10 11 |
---------------+----------------------------------+-----
Stealth        | 3 5 9 10 | 10.1
Ice Magic      | 3 4 5 6 7 |  7.9
Spellcasting   | 2 3 4 5 |  5.5
Dodging        | 2 6 7 8 |  8.4
Fighting       | 4 |  4.0
Conjurations   | 3 5 6 |  6.3
Air Magic      | 3 5 6 |  6.2
Unarmed Combat | |  4.0

Action                     |  1- 3 |  4- 6 |  7- 9 | 10-12 || total
---------------------------+-------+-------+-------+-------++-------
  Melee: Unarmed           |    38 |    46 |    30 |    11 ||   125
         Bite              |     3 |     3 |     2 |     3 ||    11
         Punch             |       |       |       |     1 ||     1
   Cast: Freeze            |    29 |    45 |    86 |    60 ||   220
         Frozen Ramparts   |       |     5 |    25 |    15 ||    45
         Freezing Cloud    |       |       |       |     3 ||     3
 Invoke: Call Merchant     |       |       |     1 |     1 ||     2
  Evoke: Lightning rod     |       |     1 |    19 |     4 ||    24
         Wand              |       |       |     3 |     1 ||     4
         Phantom mirror    |       |       |     1 |     1 ||     2
    Use: Scroll            |       |     6 |     1 |     5 ||    12
         Potion            |       |       |     3 |     2 ||     5
   Stab: Sleeping          |     7 |    11 |     5 |     4 ||    27
         Distracted        |     1 |       |     1 |       ||     2
         Paralysed         |       |       |     1 |     1 ||     2
 Armour: Skin              |    21 |    29 |    56 |    54 ||   160
  Dodge: Dodged            |    40 |    60 |   102 |   147 ||   349

Levels and vault maps discovered:
D:1:      dpeg_arrival_water_fire, layout_basic,
          hellmonk_ecumenical_altar_blasted
D:2:      kennysheep_the_goblin_king, layout_basic, serial_rivers,
          chequers_serial_rivers_small_b, chequers_serial_rivers_large_a,
          chequers_serial_rivers_micro_a, chequers_serial_rivers_micro_a,
          chequers_serial_rivers_micro_e, kennysheep_big_empty_room
D:3:      layout_loops_ring, mainiacjoe_overflow_small_starburst,
          overflow_temple_1_default, gammafunk_ghost_mausoleum,
          amcnicky_mini_rare_corridor_liquid, uniq_pargi, uniq_natasha,
          uniq_terence
D:4:      layout_cave_pools, zin_academy, minmay_temple_entry_drinking_statues,
          serial_shops, nicolae_shop_hallway_stairs, nrook_loot_triangle,
          minmay_checkerbox
D:5:      layout_cave_pools, uniq_menkaure, uniq_blork_the_orc
D:6:      layout_rooms, uniq_duvessa
D:7:      layout_rooms, nicolae_overflow_hallway_of_the_gods, serial_shops,
          nicolae_stop_n_shop_1, uniq_pikel
D:8:      layout_loops_ring, minmay_misc_feat_secret_circle,
          hangedman_abyss_or_decor_stabs, uniq_erica
D:9:      layout_layer_cave, david_orc_2, kennysheep_minor_cross
D:10:     minmay_the_grid_triangle_9x9_recursive_2
          [minmay_the_grid_triangle_9x9_prize_special,
          minmay_the_grid_triangle_9x9_sparse_checkered,
          minmay_the_grid_triangle_9x9_minimal,
          minmay_the_grid_triangle_9x9_fully_insulated_deathbox],
          layout_irregular_city, serial_glass, glass_columns_a, glass_columns_a,
          nicolae_shop_gadgets, uniq_urug
D:11:     layout_cave_pools, lair_entry_dummy
Temple:   nicolae_temple_ecumenical_triangle
Lair:1:   layout_chaotic_city, hangedman_tree_tricks, grunt_megastairs_4,
          infiniplex_staircase_pool
Orc:1:    layout_caves, serial_shops, shop

Notes
Turn   | Place    | Note
-------+----------+-------------------------------------------
     0 | D:1      | MackTheKnife the Felid Wanderer began the quest for the
                  | Orb.
     0 | D:1      | MackTheKnife set off with the following items: a scroll of
                  | blinking {!r}, a potion of berserk rage {!q}, a potion of
                  | curing {@q1}; and the following spell memorised: Freeze;
                  | and the following spells available to memorise: Ozocubu's
                  | Armour.
     0 | D:1      | Reached XP level 1. HP: 7/7 MP: 3/3
     0 | D:1      | magus.rc [v1.9.6]
   144 | D:1      | Found a faded altar of an unknown god.
   178 | D:1      | Reached skill level 3 in Stealth
   233 | D:1      | You pick up a book of Frost and begin reading...
   233 | D:1      | You add the spells Frozen Ramparts and Hailstorm to your
                  | library.
   323 | D:1      | You pick up a book of Spatial Translocations and begin
                  | reading...
   323 | D:1      | You add the spells Blink, Momentum Strike and Lesser
                  | Beckoning to your library.
   954 | D:2      | Reached XP level 2. HP: 11/11 MP: 4/4
  1035 | D:2      | Reached skill level 4 in Stealth
  1298 | D:2      | Reached skill level 5 in Stealth
  1315 | D:2      | Reached XP level 3. HP: 14/14 MP: 5/5
  1475 | D:2      | HP: 3/14 [poisoned by an adder]
  1556 | D:2      | Reached skill level 3 in Ice Magic
  1577 | D:2      | You pick up a book of Debilitation and begin reading...
  1577 | D:2      | You add the spells Slow, Sigil of Binding, Vampiric
                  | Draining and Confusing Touch to your library.
  1938 | D:3      | Learned a level 3 spell: Frozen Ramparts
  2021 | D:3      | Reached XP level 4. HP: 18/18 MP: 7/7
  2040 | D:3      | Found a transporter.
  2042 | D:3      | Noticed DEFE's ghost (weakling DESh)
  2072 | D:3      | Noticed Natasha
  2076 | D:3      | Killed Natasha
  2077 | D:3      | Reached skill level 2 in Spellcasting
  2213 | D:3      | Noticed Natasha
  2220 | D:3      | HP: 3/18 [Natasha/magic dart (8)]
  2222 | D:3      | Killed Natasha
  2289 | D:3      | Noticed Terence
  2388 | D:3      | You pick up a book of Necromancy and begin reading...
  2388 | D:3      | You add the spells Necrotise and Agony to your library.
  2401 | D:3      | Found a blossoming altar of Fedhas.
  2401 | D:3      | Noticed Pargi
  2434 | D:3      | Found a transporter.
  2569 | D:3      | You pick up a book of Storms and begin reading...
  2569 | D:3      | You add the spells Static Discharge, Airstrike and Summon
                  | Lightning Spire to your library.
  2679 | D:3      | Found an ornate altar of the Wu Jian Council.
  2788 | D:4      | Noticed a scorpion
  2794 | D:4      | Killed a scorpion
  2795 | D:4      | Reached skill level 4 in Ice Magic
  2795 | D:4      | Reached XP level 5. HP: 21/21 MP: 10/10
  2818 | D:4      | Reached skill level 3 in Spellcasting
  2986 | D:4      | Gained mutation: You are covered in thick fur. (AC +2)
                  | [Felid growth]
  2986 | D:4      | Reached XP level 6. HP: 24/24 MP: 12/12
  3060 | D:4      | Found a staircase to the Ecumenical Temple.
  3070 | Temple   | Entered the Ecumenical Temple
  3083 | Temple   | Became a worshipper of Gozag Ym Sagoz the Greedy
  3444 | D:4      | You pick up a book of Air and begin reading...
  3444 | D:4      | You add the spells Shock and Swiftness to your library.
  3503 | D:4      | Found Volafi's Armour Emporium.
  3526 | D:4      | Found a glowing silver altar of Zin.
  3797 | D:5      | Entered Level 5 of the Dungeon
  4025 | D:5      | Noticed Menkaure
  4213 | D:5      | Noticed Blork the orc
  4348 | D:6      | Reached skill level 4 in Spellcasting
  4363 | D:6      | You add the spells Gell's Gravitas, Teleport Other and
                  | Dispersal to your library.
  4452 | D:6      | HP: 5/24 [bullfrog (5)]
  4456 | D:6      | Reached skill level 5 in Ice Magic
  4591 | D:6      | Reached XP level 7. HP: 23/27 MP: 14/14
  4747 | D:6      | Noticed Duvessa
  4747 | D:6      | Noticed Dowan
  4969 | D:6      | Reached skill level 5 in Spellcasting
  5144 | D:7      | You fall into a shaft and drop 1 floor!
  5193 | D:7      | Noticed Pikel
  5225 | D:7      | Found Luihig's Jewellery Shop.
  5371 | D:7      | Reached skill level 6 in Ice Magic
  5552 | D:7      | HP: 6/27 [orc warrior/arrow (9)]
  5917 | D:7      | You pick up a book of Displacement and begin reading...
  5930 | D:7      | Reached skill level 2 in Dodging
  5930 | D:7      | Reached XP level 8. HP: 13/31 MP: 17/17
  6106 | D:7      | Reached skill level 6 in Stealth
  6114 | D:7      | Found a burning altar of Makhleb.
  6116 | D:7      | Found a hazy altar of Hepliaklqana.
  6118 | D:7      | Found a snail-covered altar of Cheibriados.
  6118 | D:7      | Found an ancient bone altar of Kikubaaqudgha.
  6131 | D:7      | Found a sparkling altar of Nemelex Xobeh.
  6184 | D:7      | Killed Pikel
  6185 | D:7      | Reached skill level 5 in Dodging
  6185 | D:7      | Reached skill level 8 in Stealth
  6354 | D:8      | Reached skill level 6 in Dodging
  6572 | D:8      | Identified the ring of Gesyasti {rElec rN+ Str+5 Int-5
                  | Dex+6}
  6702 | D:8      | Reached skill level 9 in Stealth
  6702 | D:8      | Reached XP level 9. HP: 26/34 MP: 18/18
  6767 | D:8      | HP: 7/34 [killer bee (2)]
  6770 | D:8      | Reached skill level 7 in Dodging
  6982 | D:8      | Noticed Erica
  7055 | D:8      | Reached skill level 10 in Stealth
  7256 | D:8      | You pick up a book of Vapours and begin reading...
  7256 | D:8      | You add the spells Poisonous Vapours, Mephitic Cloud and
                  | Freezing Cloud to your library.
  7369 | D:8      | Reached skill level 1 in Fighting
  7459 | D:8      | HP: 7/36 [Erica/lance of force (12)]
  7459 | D:8      | Collided with a rock wall
  7460 | D:8      | Upgraded the game from 0.31-a0-702-gf82c85558f to
                  | 0.31-a0-705-ga145531891
  7460 | D:8      | magus.rc [v1.9.6]
  7478 | D:9      | Learned a level 5 spell: Freezing Cloud
  7586 | D:9      | Reached skill level 2 in Fighting
  7650 | D:9      | Noticed a white ugly thing
  7852 | D:9      | Found a staircase to the Orcish Mines.
  8146 | D:9      | Reached skill level 3 in Fighting
  8360 | D:9      | Reached skill level 4 in Fighting
  8500 | D:9      | Reached skill level 1 in Conjurations
  8500 | D:9      | Reached skill level 1 in Air Magic
  8971 | D:10     | Entered Level 10 of the Dungeon
  9047 | D:10     | Found Umit's Gadget Gallery.
  9064 | D:10     | Reached skill level 2 in Conjurations
  9064 | D:10     | Reached skill level 2 in Air Magic
  9133 | D:10     | Reached skill level 3 in Conjurations
  9133 | D:10     | Reached skill level 3 in Air Magic
  9139 | D:10     | Noticed Urug
  9188 | D:10     | Reached XP level 10. HP: 42/42 MP: 19/19
  9351 | D:10     | Reached skill level 4 in Air Magic
  9778 | D:10     | Reached skill level 4 in Conjurations
  9778 | D:10     | Reached skill level 8 in Dodging
  9799 | D:10     | Noticed a wolf spider
  9800 | D:10     | Noticed a gargoyle
  9800 | D:10     | Noticed a fire dragon
  9806 | D:10     | Identified the amulet of the Shouting Gods {RegenMP +Inv
                  | rElec Int-2 Stlth-}
  9806 | D:10     | Noticed a wizard
  9809 | D:10     | Killed a wizard
  9812 | D:10     | Identified the ring of the Ageing Hero {rN+ Str+6 Dex-2}
  9827 | D:10     | magus.rc [v1.9.6]
 10022 | D:10     | Found a runed translucent door.
 10217 | D:10     | Noticed a four-headed hydra
 10338 | D:10     | Killed a four-headed hydra
 10339 | D:10     | Reached skill level 5 in Conjurations
 10339 | D:10     | Reached skill level 5 in Air Magic
 10374 | D:10     | Reached skill level 7 in Ice Magic
 10429 | D:10     | Noticed a two-headed ogre
 10431 | D:10     | Noticed a boulder beetle
 10432 | D:10     | Noticed a brown ugly thing
 10463 | D:10     | HP: 6/42 [acid (7)]
 10641 | D:10     | Identified the ring "Wiviutic" {Drain +Blink Fly rF+++
                  | Int-5}
 10648 | D:10     | Identified the ring of the Rabble {Ice +Blink rN+ Int-2}
 10660 | D:10     | Noticed a two-headed ogre
 10661 | D:10     | Found a runed translucent door.
 10661 | D:10     | Noticed a deep elf archer
 10663 | D:10     | Found a runed translucent door.
 10844 | Orc:1    | Entered Level 1 of the Orcish Mines
 10882 | Orc:1    | Noticed an orc knight
 10928 | D:10     | Killed a brown ugly thing
 10945 | D:9      | HP: 10/42 [poisoned by a killer bee]
 10946 | D:9      | HP: 4/42 [killer bee (7)]
 10952 | D:9      | HP: 1/42 [something (8)]
 11565 | D:11     | Found a staircase to the Lair.
 11577 | D:11     | Noticed a cyclops
 11584 | D:11     | Reached XP level 11. HP: 18/46 MP: 20/20
 11589 | D:11     | Noticed a boulder beetle
 11732 | D:10     | HP: 5/46 [two-headed ogre/+0 giant club (17)]
 11968 | D:11     | Bought a scroll of identify for 30 gold pieces
 11969 | D:11     | Bought a potion of curing for 45 gold pieces
 11969 | D:11     | Bought a potion of curing for 45 gold pieces
 12046 | Lair:1   | Entered Level 1 of the Lair of Beasts
 12058 | Lair:1   | Reached skill level 6 in Conjurations
 12059 | Lair:1   | Reached skill level 6 in Air Magic
 12213 | Lair:1   | HP: 4/46 [black mamba (8)]
 12214 | Lair:1   | Succumbed to a black mamba's poison
 12215 | Lair:1   | Quit the game

Vanquished Creatures
  Pikel (D:7)
  A wizard (D:10)
  An ugly thing (D:10)
  A black mamba (Lair:1)
  A komodo dragon (shapeshifter) (D:10)
  2 trolls
  A slime creature (D:10)
  2 wyverns
  12 yaks
  A wraith (D:10)
  3 vampire mosquitoes (D:10)
  A water moccasin (D:8)
  A sky beast (D:7)
  3 orc warriors
  An ogre (D:7)
  8 centaurs
  A phantom (D:6)
  A kobold brigand (D:10)
  4 bullfrogs
  2 scorpions (D:4)
  17 killer bees
  3 howler monkeys
  4 orc priests
  A hound (D:7)
  3 jellies
  2 iguanas
  Natasha (twice) (D:3)
  6 orc wizards
  4 gnolls (D:4)
  6 adders
  A white imp (D:7)
  3 dart slugs
  31 orcs
  6 ball pythons
  2 bats
  5 endoplasms
  2 giant cockroaches
  13 goblins
  9 hobgoblins
  5 quokkas
  2 frilled lizards (D:3)
  3 kobolds
  4 rats
182 creatures vanquished.

Vanquished Creatures (collateral kills)
  A hydra (D:10)
  An orc priest (D:10)
2 creatures vanquished.

Grand Total: 184 creatures vanquished

Table legend:
 A = Non-vault XP
 B = Vault XP
 C = Vault XP percentage of total XP
 D = Non-vault monster count
 E = Vault monster count
 F = Vault count percentage of total count
                 A         B        C        D         E       F
            +---------+---------+-------+---------+---------+-------
      Total |    8754 |    4072 |  31.7 |     158 |      26 |  14.1
            +---------+---------+-------+---------+---------+-------
        D:1 |      11 |       0 |   0.0 |       6 |       0 |   0.0
        D:2 |      47 |      14 |  23.0 |      12 |       7 |  36.8
        D:3 |      81 |      35 |  30.2 |      20 |       1 |   4.8
        D:4 |     175 |      91 |  34.2 |      16 |       4 |  20.0
        D:5 |      61 |       0 |   0.0 |       4 |       0 |   0.0
        D:6 |     612 |       0 |   0.0 |      20 |       0 |   0.0
        D:7 |     601 |     651 |  52.0 |      16 |       1 |   5.9
        D:8 |    1379 |       0 |   0.0 |      21 |       0 |   0.0
        D:9 |    1231 |     145 |  10.5 |      15 |       4 |  21.1
       D:10 |    2472 |    3136 |  55.9 |      18 |       9 |  33.3
       D:11 |     385 |       0 |   0.0 |       3 |       0 |   0.0
     Lair:1 |    1699 |       0 |   0.0 |       7 |       0 |   0.0
            +---------+---------+-------+---------+---------+-------

Skill      XL: |  1  2  3  4  5  6  7  8  9 10 11 |
---------------+----------------------------------+-----
Stealth        | 3 5 9 10 | 10.1
Ice Magic      | 3 4 5 6 7 |  7.9
Spellcasting   | 2 3 4 5 |  5.5
Dodging        | 2 6 7 8 |  8.4
Fighting       | 4 |  4.0
Conjurations   | 3 5 6 |  6.3
Air Magic      | 3 5 6 |  6.2
Unarmed Combat | |  4.0

Action                     |  1- 3 |  4- 6 |  7- 9 | 10-12 || total
---------------------------+-------+-------+-------+-------++-------
  Melee: Unarmed           |    38 |    46 |    30 |    11 ||   125
         Bite              |     3 |     3 |     2 |     3 ||    11
         Punch             |       |       |       |     1 ||     1
   Cast: Freeze            |    29 |    45 |    86 |    60 ||   220
         Frozen Ramparts   |       |     5 |    25 |    15 ||    45
         Freezing Cloud    |       |       |       |     3 ||     3
 Invoke: Call Merchant     |       |       |     1 |     1 ||     2
  Evoke: Lightning rod     |       |     1 |    19 |     4 ||    24
         Wand              |       |       |     3 |     1 ||     4
         Phantom mirror    |       |       |     1 |     1 ||     2
    Use: Scroll            |       |     6 |     1 |     5 ||    12
         Potion            |       |       |     3 |     2 ||     5
   Stab: Sleeping          |     7 |    11 |     5 |     4 ||    27
         Distracted        |     1 |       |     1 |       ||     2
         Paralysed         |       |       |     1 |     1 ||     2
 Armour: Skin              |    21 |    29 |    56 |    54 ||   160
  Dodge: Dodged            |    40 |    60 |   102 |   147 ||   349

Illustrated notes

Table legend:
 A = Kills in this place as a percentage of kills in the entire game.
 B = Kills by you in this place as a percentage of kills by you in the entire game.
 C = Kills by friends in this place as a percentage of kills by friends in the entire game.
 D = Other kills in this place as a percentage of other kills in the entire game.
 E = Experience gained in this place as a percentage of experience gained in the entire game.
 F = Experience gained in this place divided by the number of levels of this place that you have seen.
                   A       B       C       D       E      F
               +-------+-------+-------+-------+-------+----------------------
         Total | 100.0 | 100.0 | 100.0 |   N/A | 100.0 | 916.1
       Dungeon |  96.2 |  96.2 | 100.0 |   N/A |  86.8 | 1011.5
          Lair |   3.8 |   3.8 |   0.0 |   N/A |  13.2 | 1699.0
               +-------+-------+-------+-------+-------+----------------------

Table legend: (Time is in decaauts)
 A = Elapsed time spent in this place.
 B = Non-inter-level travel time spent in this place.
 C = Inter-level travel time spent in this place.
 D = Time resting spent in this place.
 E = Time spent auto-exploring this place.
 F = Levels seen in this place.
 G = Mean time per level.
                   A        B        C        D        E       F      G
               +--------+--------+--------+--------+--------+-----+--------+
         Total |  10593 |   9804 |    789 |   2054 |   4704 |  14 |  756.6 |
       Dungeon |  10380 |   9611 |    769 |   2047 |   4560 |  11 |  943.6 |
        Temple |     21 |      1 |     20 |      0 |      0 |   1 |   21.0 |
          Lair |    147 |    147 |      0 |      7 |    115 |   1 |  147.0 |
  Orcish Mines |     43 |     43 |      0 |      0 |     28 |   1 |   43.0 |
               +--------+--------+--------+--------+--------+-----+--------+

Top non-repeatable levels by time:
     D:9: 2120 daAuts
    D:10: 1508 daAuts
     D:7: 916 daAuts
     D:6: 901 daAuts
     D:8: 899 daAuts
     D:2: 873 daAuts
     D:4: 841 daAuts
     D:3: 822 daAuts
     D:1: 740 daAuts
     D:5: 478 daAuts
    D:11: 278 daAuts
  Lair:1: 147 daAuts
   Orc:1: 43 daAuts
  Temple: 21 daAuts
